 Dungeon Crawl Stone Soup version 0.30-a0-297-g0ec75d9ef4 (webtiles) character file.

Game seed: 5631688182336676417

142 ImHallYall the Trooper (level 5, -16/46 HPs)
             Began as a Draconian Fighter on Oct 18, 2022.
             Was a Believer of Nemelex Xobeh.
             Demolished by an ogre
             ... wielding a +0 giant spiked club
              (22 damage)
             ... on level 4 of the Dungeon.
             The game lasted 00:08:27 (2997 turns).

ImHallYall the Trooper (Draconian Fighter)          Turns: 2997, Time: 00:08:28

Health: -16/46     AC:  5    Str: 20    XL:     5   Next: 4%
Magic:  5/5        EV: 12    Int:  8    God:    Nemelex Xobeh [**....]
Gold:   227        SH:  4    Dex: 11    Spells: 2/4 levels left

rFire   . . .      SeeInvis .    r - +0 war axe
rCold   . . .      Faith    .    b - +0 buckler
rNeg    . . .      Spirit   .    (body armour unavailable)
rPois   .          Reflect  .    (helmet restricted)
rElec   .          Harm     .    (no cloak)
rCorr   .          Rampage  .    (no gloves)
Will    .....                    (no boots)
Stlth   +.........               (no amulet)
HPRegen 0.27/turn                (no ring)
MPRegen 0.09/turn                (no ring)

@: no status effects
A: AC +5, unfitting armour, cold-blooded
a: Renounce Religion, Draw Escape, Draw Destruction, Draw Summoning


You were on level 4 of the Dungeon.
You worshipped Nemelex Xobeh.
Nemelex Xobeh was pleased with you.
You visited 1 branch of the dungeon, and saw 4 of its levels.

You collected 227 gold pieces.

Inventory:

Hand Weapons
 a - a +0 long sword
 r - a +0 war axe (weapon)
Armour
 b - a +0 buckler (worn)
 e - a +0 chain mail
 f - an orb of wrath
Jewellery
 g - a ring of ice
Scrolls
 h - a scroll of identify
 i - a scroll of enchant armour
 l - a scroll of blinking {unknown}
 m - a scroll of fear {unknown}
 s - a scroll of noise
Potions
 c - a potion of might
 d - a potion of flight {unknown}
 j - 2 potions of lignification {unknown}
 k - a potion of heal wounds {unknown}
 n - a potion of curing {unknown}
 p - a potion of ambrosia {unknown}
 q - 2 potions of degeneration {unknown}


   Skills:
 + Level 4.1 Fighting
 + Level 3.4 Long Blades
 + Level 0.1 Axes
 + Level 3.5 Dodging
 + Level 3.4 Shields


You had 2 spell levels left.
You knew the following spells:

 Your Spells              Type           Power      Damage    Failure   Level
a - Blink                 Tloc           0%         N/A       65%         2

Your spell library contained the following spells:

 Spells                   Type           Power      Damage    Failure   Level
 Sandblast                Erth           0%         2d4       50%         1
 Momentum Strike          Conj/Tloc      0%         3d8       65%         2
 Passwall                 Tmut/Erth      0%         N/A       65%         2
 Lesser Beckoning         Tloc           0%         N/A       86%         3
 Stone Arrow              Conj/Erth      0%         3d7       86%         3


Dungeon Overview and Level Annotations

Branches:
Dungeon (4/15)
 Temple: D:4-7

Altars:
Nemelex Xobeh
Zin

Shops:
D:3 :


Innate Abilities, Weirdness & Mutations

Your plain brown scales are hard. (AC +5)
You cannot fit into any form of body armour.
You are cold-blooded and may be slowed by cold attacks.


Message History

As you read the scroll labelled RUOMO ZOPH, it crumbles to dust.
You hear a loud clanging noise!
It was a scroll of noise.
You hear a shout!
As you read the scroll labelled WACRANKYOW, it crumbles to dust.
The scroll dissolves into smoke.
It was a scroll of fog.
You now have 211 gold pieces (gained 6).
h - 2 scrolls labelled QIEB WAYBBY (gained 1)
Found 16 gold pieces.
You now have 227 gold pieces (gained 16).
As you read the scroll labelled QIEB WAYBBY, it crumbles to dust.
It is a scroll of identify.
i - a scroll of enchant armour Something unseen opens the door.
Found a scroll of fog.
Found 7 gold pieces.
An ogre comes into view. It is wielding a +0 giant spiked club.
The ogre shouts!
You closely miss the ogre.
The ogre hits you with a +0 giant spiked club!!
You completely miss the ogre.
The ogre hits you with a +0 giant spiked club!!
* * * LOW HITPOINT WARNING * * *
You slash the ogre!
The ogre is heavily wounded.
The ogre misses you.
You barely miss the ogre.
The ogre is heavily wounded.
The ogre barely misses you.
You barely miss the ogre.
The ogre is heavily wounded.
The ogre completely misses you.
You slash the ogre!
The ogre is almost dead.
The ogre closely misses you.
You barely miss the ogre. You tail-slap the ogre.
The ogre is almost dead.
The ogre hits you with a +0 giant spiked club!!
You die...
Your body glows slightly and disappears.

###+#....# #.....#
#........# #......
#........#########.
#............# #.
#....####....# #.
#....# #§§§)#####.
#....# #.§........
#....# #..........
#.@..# ##+##.♣♣♣♣'
#.O..# #.'....
#....# #.♣.≈..
#.$..# #.♣.≈._
#....# #.♣.≈..
#....# #.+....
#....# .#♣♣♣♣+
#....#


You could see an ogre.

Vanquished Creatures
  A hound (D:4)
  3 adders
  An ufetubus (D:3)
  An adder skeleton (D:2)
  2 dart slugs
  An orc (D:4)
  A bat skeleton (D:2)
  3 bat zombies (D:2)
  2 endoplasms
  3 giant cockroaches
  10 goblins
  4 hobgoblins
  10 jackals
  3 quokkas
  7 ball pythons
  A ball python zombie (D:2)
  3 bats
  A frilled lizard (D:1)
  A giant cockroach zombie (D:2)
  A jackal skeleton (D:2)
  4 kobolds
  A quokka skeleton (D:2)
  8 rats
72 creatures vanquished.

Vanquished Creatures (others)
  7 plants (D:1)
  2 withered plants (D:2)
9 creatures vanquished.

Grand Total: 81 creatures vanquished

Notes
Turn   | Place    | Note
-------+----------+-------------------------------------------
     0 | D:1      | ImHallYall the Draconian Fighter began the quest for the
                  | Orb.
     0 | D:1      | Reached XP level 1. HP: 19/19 MP: 1/1
   110 | D:1      | Reached XP level 2. HP: 23/26 MP: 2/2
   647 | D:1      | Reached XP level 3. HP: 31/31 MP: 3/3
  1466 | D:2      | Found a faded altar of an unknown god.
  1470 | D:2      | Prayed at the altar of an unknown god.
  1470 | D:2      | Became a worshipper of Nemelex Xobeh the Trickster
  1470 | D:2      | Reached * piety under Nemelex Xobeh
  1553 | D:2      | Reached XP level 4. HP: 39/40 MP: 4/4
  1685 | D:2      | Received a gift from Nemelex Xobeh
  1983 | D:3      | Learned a level 2 spell: Blink
  2004 | D:3      | Reached ** piety under Nemelex Xobeh
  2203 | D:3      | Found Nazovoxu's Book Boutique.
  2361 | D:3      | Received a gift from Nemelex Xobeh
  2880 | D:4      | Found a glowing silver altar of Zin.
  2902 | D:4      | Reached skill level 4 in Fighting
  2902 | D:4      | Reached XP level 5. HP: 42/46 MP: 5/5
  2987 | D:4      | Noticed an ogre
  2997 | D:4      | Demolished by an ogre

Illustrated notes

Levels and vault maps discovered:
D:1:      minmay_arrival_solitary_statue, layout_basic, serial_bayou,
          serial_bayou_shore_b, serial_bayou_pond_c, serial_bayou_ford_a,
          serial_bayou_lagoon_a, serial_bayou_pond_b, eino_curves_02
D:2:      layout_basic, serial_undead, serial_undead_b, serial_undead_d,
          serial_undead_b, serial_undead_b, serial_undead_b, serial_undead_a,
          chequers_ecumenical_altar_simple_redux
D:3:      layout_basic, serial_shops, nicolae_shop_trees, st_stairs_4,
          dk_noncrumbling_2
D:4:      layout_gridville, mainiacjoe_overflow_six_doors_small,
          nicolae_wu_jian_wuxing_cycle

Skill      XL: |  1  2  3  4 |
---------------+-------------+-----
Dodging        | 3 |  3.5
Long Blades    | 3 |  3.4
Fighting       | 4 |  4.1
Axes           | |  0.1
Shields        | |  3.4

Action                   |  1- 3 |  4- 6 || total
-------------------------+-------+-------++-------
Melee: Long sword        |   143 |    70 ||   213
       Tailslap          |    11 |    10 ||    21
       War axe           |       |    24 ||    24
 Cast: Blink             |       |     1 ||     1
  Use: Scroll            |       |     3 ||     3
Armor: Skin              |    61 |    51 ||   112
Dodge: Dodged            |   146 |   107 ||   253
Block: Buckler           |    56 |    26 ||    82

Table legend: (Time is in decaauts)
 A = Elapsed time spent in this place.
 B = Non-inter-level travel time spent in this place.
 C = Inter-level travel time spent in this place.
 D = Time resting spent in this place.
 E = Time spent auto-exploring this place.
 F = Levels seen in this place.
 G = Mean time per level.
                   A        B        C        D        E       F      G
               +--------+--------+--------+--------+--------+-----+--------+
         Total |   3110 |   3110 |      0 |    458 |   1474 |   4 |  777.5 |
       Dungeon |   3110 |   3110 |      0 |    458 |   1474 |   4 |  777.5 |
               +--------+--------+--------+--------+--------+-----+--------+

Top non-repeatable levels by time:
     D:2: 1034 daAuts
     D:1: 972 daAuts
     D:3: 916 daAuts
     D:4: 186 daAuts
